details: '[wcr11012009]418_(O)_TowerLove_(N)_Srbin33_(U)_SnOOp_(N)_SUPREME_LOTUS_(O)_meles_(H)_JustGotWc3_(O)_00'

« prev index next »

General information

Mini Map

Players

team 1
Orc418 (pink | 67 APM | 5257 actions | 78:23)
Hero icon 10 Blademaster
Ability icon 3 Wind Walk
Ability icon 3 Critical Strike
Ability icon 1 Bladestorm
Ability icon 3 Mirror Image
Hero icon 1 Naga Sea Witch
Ability icon 1 Frost Arrows

» actions
Assign group hotkey7
Basic commands7
Build / train167
ESC pressed3
Enter build submenu59
Enter hero's abilities submenu11
Give item / drop item13
Remove unit from queue2
Right click3183
Select / deselect1257
Select group hotkey73
Use ability475
5257 total
» units
Peon30
Goblin Shredder3
Goblin Zeppelin4
Shaman1
Spirit Walker1
Troll Witch Doctor1
Troll Batrider10
Frost Wyrm2
52 total
» upgrades
Spiked Barricades3
Reinforced Defenses1
Shaman Training2
Spirit Walker Training2
Witch Doctor Training2
Ranged Weapons3
Armor3
Melee Weapons3
Pillage1
Backpack1
Ensnare1
Envenomed Spears1
Liquid Fire1
War Drums Damage Increase1
Pulverize1
Berserker Strength1
Troll Regeneration1
Berserker Upgrade1
Burning Oil1
30 total
» buildings
Altar of Storms2
Orc Burrow9
Voodoo Lounge2
War Mill1
Stronghold1
Watch Tower24
Fortress1
Spirit Lodge2
Tauren Totem1
Barracks2
Beastiary3
Great Hall5
53 total
» build order
00:06 Altar of Storms
00:13 Orc Burrow
00:34 Voodoo Lounge
01:26 War Mill
01:59 Orc Burrow
02:48 Stronghold
02:55 Watch Tower
03:19 Watch Tower
03:45 Watch Tower
04:03 Watch Tower
04:24 Watch Tower
04:28 Watch Tower
05:10 Fortress
06:08 Spirit Lodge
06:12 Spirit Lodge
08:21 Watch Tower
08:23 Watch Tower
10:54 Watch Tower
10:55 Watch Tower
10:56 Watch Tower
10:57 Watch Tower
10:57 Watch Tower
10:58 Watch Tower
16:57 Orc Burrow
21:37 Watch Tower
21:37 Watch Tower
21:38 Watch Tower
21:39 Watch Tower
21:40 Watch Tower
24:25 Watch Tower
24:26 Watch Tower
24:27 Watch Tower
24:28 Watch Tower
24:29 Watch Tower
30:11 Tauren Totem
30:13 Barracks
30:15 Barracks
30:18 Beastiary
40:57 Beastiary
40:59 Beastiary
45:25 Orc Burrow
45:27 Orc Burrow
45:31 Orc Burrow
45:33 Orc Burrow
62:23 Orc Burrow
62:30 Great Hall
64:19 Orc Burrow
64:22 Altar of Storms
64:28 Great Hall
65:22 Voodoo Lounge
67:03 Great Hall
70:10 Great Hall
77:18 Great Hall
» items
Healing Salve1
Lesser Clarity Potion4
Scroll of Speed1
Rod of Necromancy1
Scroll of Town Portal3
Mana Stone12
Boots of Quel'Thalas +64
Health Stone7
Inferno Stone5
Orb of Corruption1
Tiny Great Hall3
Potion of Restoration10
Amulet of the Wild1
Potion of Healing2
Potion of Divinity4
Ankh of Reincarnation3
Potion of Mana1
Stone Token1
The Lion Horn of Stormwind1
Belt of Giant Strength +62
Runed Bracers1
Red Drake Egg1
69 total
Random» NightElfTowerLove (green | 57 APM | 4447 actions | 78:23)
Hero icon 10 Priestess of the Moon
Ability icon 3 Searing Arrows
Ability icon 3 Trueshot Aura
Ability icon 1 Starfall
Ability icon 3 Scout
Hero icon 2 Naga Sea Witch
Ability icon 1 Frost Arrows
Ability icon 1 Forked Lightning

» actions
Assign group hotkey168
Basic commands313
Build / train239
ESC pressed21
Enter build submenu95
Enter hero's abilities submenu12
Give item / drop item2
Right click1450
Select / deselect1246
Select group hotkey537
Use ability364
4447 total
» units
Wisp119
Huntress10
Dryad37
Forest Troll Shadow Priest1
Druid of the Claw5
Druid of the Talon6
Chimaera13
Frost Wyrm1
Ghoul7
199 total
» upgrades
Abolish Magic1
Strength of the Wild1
Corrosive Breath1
Druid of the Claw Training2
5 total
» buildings
Altar of Elders1
Moon Well11
Hunter's Hall3
Ancient of War2
Ancient Protector28
Tree of Ages1
Ancient of Lore3
Ancient of Wonders1
Tree of Life17
Ancient of Wind2
Chimaera Roost4
Tree of Eternity1
Spirit Tower5
Ziggurat11
90 total
» build order
00:05 Altar of Elders
00:18 Moon Well
01:36 Moon Well
01:46 Hunter's Hall
02:09 Ancient of War
02:13 Ancient of War
02:52 Ancient Protector
04:20 Moon Well
04:59 Tree of Ages
05:32 Moon Well
07:37 Ancient of Lore
08:03 Ancient of Lore
08:18 Ancient of Wonders
08:55 Moon Well
08:56 Moon Well
13:03 Ancient of Lore
18:28 Tree of Life
18:29 Ancient Protector
18:48 Tree of Life
26:16 Ancient of Wind
26:21 Ancient of Wind
27:34 Chimaera Roost
27:34 Chimaera Roost
27:34 Chimaera Roost
29:42 Chimaera Roost
31:00 Tree of Eternity
31:07 Moon Well
31:46 Moon Well
31:46 Moon Well
37:55 Tree of Life
38:00 Tree of Life
38:19 Tree of Life
38:40 Ancient Protector
44:48 Tree of Life
48:00 Moon Well
49:11 Ancient Protector
49:11 Ancient Protector
49:11 Ancient Protector
49:21 Spirit Tower
50:19 Ancient Protector
50:19 Ancient Protector
50:19 Ancient Protector
50:20 Ancient Protector
51:26 Ancient Protector
51:27 Ancient Protector
51:27 Ancient Protector
51:28 Ancient Protector
51:29 Ancient Protector
51:29 Ancient Protector
51:30 Ancient Protector
51:59 Hunter's Hall
52:06 Spirit Tower
53:29 Ziggurat
53:32 Ziggurat
53:33 Ziggurat
53:42 Ziggurat
53:44 Ziggurat
53:54 Ziggurat
54:00 Ziggurat
54:04 Ziggurat
54:27 Spirit Tower
54:59 Spirit Tower
55:23 Spirit Tower
56:38 Ziggurat
56:40 Ziggurat
56:42 Ziggurat
56:49 Tree of Life
56:57 Tree of Life
56:59 Tree of Life
57:02 Moon Well
57:32 Hunter's Hall
59:18 Tree of Life
59:32 Tree of Life
60:03 Tree of Life
60:07 Tree of Life
60:09 Tree of Life
60:14 Tree of Life
60:19 Tree of Life
61:52 Ancient Protector
61:53 Ancient Protector
61:54 Ancient Protector
61:55 Ancient Protector
61:57 Ancient Protector
61:58 Ancient Protector
63:06 Ancient Protector
63:08 Ancient Protector
63:10 Ancient Protector
63:14 Ancient Protector
63:16 Ancient Protector
65:34 Tree of Life
» items
Moonstone1
Dust of Appearance2
Scroll of Town Portal7
Potion of Healing2
Staff of Preservation1
Potion of Divinity1
14 total
Random» UndeadSrbin33 (yellow | 88 APM | 4261 actions | 48:23)
Hero icon 8 Crypt Lord
Ability icon 3 Carrion Beetles
Ability icon 3 Spiked Carapace
Ability icon 1 Locust Swarm
Ability icon 1 Impale
Hero icon 7 Death Knight
Ability icon 3 Death Coil
Ability icon 3 Unholy Aura
Ability icon 1 Animate Dead
Hero icon 1 Dark Ranger
Ability icon 1 Black Arrow

» actions
Assign group hotkey79
Basic commands10
Build / train105
Enter build submenu25
Enter hero's abilities submenu16
Give item / drop item9
Remove unit from queue3
Right click1498
Select / deselect368
Select group hotkey1949
Use ability199
4261 total
» units
Acolyte9
Ghoul4
Crypt Fiend10
Obsidian Statue19
Frost Wyrm7
Goblin Zeppelin1
50 total
» upgrades
Web1
Destroyer Form1
Creature Attack2
Creature Carapace2
Freezing Breath1
7 total
» buildings
Crypt1
Altar of Darkness1
Ziggurat8
Graveyard1
Tomb of Relics1
Nerubian Tower2
Halls of the Dead1
Slaughterhouse2
Black Citadel1
Sacrificial Pit1
Boneyard3
Necropolis1
23 total
» build order
00:23 Crypt
00:28 Altar of Darkness
00:34 Ziggurat
00:56 Graveyard
01:16 Ziggurat
01:40 Tomb of Relics
01:47 Nerubian Tower
04:05 Halls of the Dead
04:30 Ziggurat
06:35 Slaughterhouse
07:48 Ziggurat
07:51 Slaughterhouse
08:41 Ziggurat
09:20 Black Citadel
10:33 Ziggurat
15:00 Ziggurat
25:36 Ziggurat
31:08 Sacrificial Pit
33:38 Boneyard
33:39 Boneyard
33:48 Boneyard
40:55 Necropolis
» items
Rod of Necromancy1
Dust of Appearance2
Healing Salve6
Scroll of Town Portal10
Scroll of Speed2
Potion of Mana1
Orb of Lightning1
Potion of Healing1
Lesser Clarity Potion1
25 total
NightElfSnOOp (blue | 63 APM | 1616 actions | 25:47)
Hero icon 6 Dark Ranger
Ability icon 2 Black Arrow
Ability icon 3 Silence
Ability icon 1 Charm
Hero icon 3 Naga Sea Witch
Ability icon 1 Frost Arrows
Ability icon 2 Forked Lightning

» actions
Assign group hotkey52
Basic commands115
Build / train104
ESC pressed1
Enter build submenu16
Enter hero's abilities submenu9
Right click386
Select / deselect413
Select group hotkey387
Use ability133
1616 total
» units
Wisp19
Archer24
Druid of the Talon19
Faerie Dragon2
64 total
» upgrades
Improved Bows1
Druid of the Talon Training2
Marksmanship1
Mark of the Talon1
Nature's Blessing2
7 total
» buildings
Moon Well7
Altar of Elders1
Ancient of War1
Tree of Ages1
Ancient of Wonders1
Hunter's Hall1
Ancient of Wind2
Tree of Eternity1
Ancient Protector1
Tree of Life1
17 total
» build order
00:24 Moon Well
00:27 Altar of Elders
00:36 Ancient of War
01:43 Moon Well
02:05 Moon Well
04:42 Tree of Ages
05:21 Ancient of Wonders
05:33 Hunter's Hall
07:15 Ancient of Wind
07:19 Ancient of Wind
07:49 Moon Well
09:07 Tree of Eternity
09:17 Moon Well
09:48 Moon Well
11:55 Ancient Protector
13:48 Moon Well
16:04 Tree of Life
» items
Moonstone2
Scroll of Town Portal1
Potion of Healing2
Lesser Clarity Potion1
Talisman of the Wild5
Anti-magic Potion2
Potion of Mana1
14 total
team 2
OrcSUPREME_LOTUS (purple | 53 APM | 4184 actions | 78:23)
Hero icon 10 Blademaster
Ability icon 3 Wind Walk
Ability icon 3 Critical Strike
Ability icon 1 Bladestorm
Ability icon 3 Mirror Image

» actions
Assign group hotkey25
Basic commands131
Build / train111
ESC pressed4
Enter build submenu59
Enter hero's abilities submenu10
Give item / drop item3
Right click2712
Select / deselect414
Select group hotkey403
Use ability310
4184 total
» units
Peon12
Tauren7
Raider2
Wind Rider10
31 total
» upgrades
Spiked Barricades3
Reinforced Defenses1
Melee Weapons2
Armor2
8 total
» buildings
Altar of Storms1
Orc Burrow11
Voodoo Lounge1
War Mill1
Watch Tower51
Stronghold2
Fortress4
Tauren Totem2
Beastiary2
Great Hall2
77 total
» build order
00:10 Altar of Storms
00:15 Orc Burrow
00:31 Voodoo Lounge
01:11 War Mill
02:42 Watch Tower
02:44 Watch Tower
02:48 Watch Tower
04:39 Stronghold
04:40 Watch Tower
04:46 Watch Tower
05:25 Watch Tower
05:33 Watch Tower
05:59 Watch Tower
06:04 Watch Tower
06:06 Watch Tower
06:53 Watch Tower
07:14 Watch Tower
07:25 Fortress
07:26 Fortress
07:26 Fortress
07:26 Fortress
08:15 Watch Tower
08:27 Watch Tower
08:29 Watch Tower
09:45 Watch Tower
09:50 Watch Tower
11:58 Watch Tower
12:01 Watch Tower
13:23 Watch Tower
13:26 Watch Tower
14:15 Watch Tower
14:16 Watch Tower
14:18 Watch Tower
14:22 Watch Tower
14:23 Watch Tower
14:24 Watch Tower
14:24 Watch Tower
14:28 Watch Tower
14:29 Watch Tower
14:29 Watch Tower
29:22 Orc Burrow
31:24 Watch Tower
31:24 Watch Tower
31:25 Watch Tower
31:25 Watch Tower
31:26 Watch Tower
31:27 Watch Tower
37:21 Watch Tower
37:23 Watch Tower
37:24 Watch Tower
37:25 Watch Tower
40:55 Watch Tower
40:58 Watch Tower
43:31 Watch Tower
45:34 Watch Tower
49:05 Watch Tower
49:07 Watch Tower
49:08 Watch Tower
49:12 Watch Tower
53:29 Tauren Totem
53:37 Tauren Totem
54:33 Orc Burrow
54:35 Orc Burrow
54:37 Orc Burrow
54:51 Orc Burrow
55:18 Orc Burrow
55:36 Beastiary
55:39 Beastiary
58:15 Watch Tower
58:15 Watch Tower
60:14 Orc Burrow
60:14 Orc Burrow
61:44 Orc Burrow
61:45 Orc Burrow
75:26 Great Hall
76:46 Great Hall
» items
Healing Salve3
Lesser Clarity Potion6
Scroll of Speed2
Orb of Lightning1
Potion of Healing11
Health Stone1
Stone Token1
Ankh of Reincarnation1
Wand of the Wind1
Demonic Figurine3
Ice Shard2
Red Drake Egg1
Scroll of Town Portal2
Potion of Mana4
Potion of Restoration1
Potion of Divinity1
Amulet of the Wild1
Belt of Giant Strength +61
43 total
Humanmeles (orange | 87 APM | 6791 actions | 78:23)
Hero icon 10 Archmage
Ability icon 3 Summon Water Elemental
Ability icon 3 Brilliance Aura
Ability icon 1 Mass Teleport
Ability icon 3 Blizzard
Hero icon 8 Mountain King
Ability icon 3 Storm Bolt
Ability icon 3 Bash
Ability icon 1 Avatar
Ability icon 1 Thunder Clap
Hero icon 4 Paladin
Ability icon 2 Holy Light
Ability icon 2 Devotion Aura

» actions
Assign group hotkey129
Basic commands504
Build / train525
ESC pressed1
Enter build submenu61
Enter hero's abilities submenu23
Give item / drop item5
Right click1959
Select / deselect1803
Select group hotkey745
Use ability1036
6791 total
» units
Peasant75
Rifleman65
Goblin Shredder8
Flying Machine10
Mortar Team15
Gryphon Rider8
181 total
» upgrades
Gunpowder3
Masonry3
Armor3
Flare1
Long Rifles1
Lumber Harvesting1
Fragmentation Shards1
Storm Hammers1
Swords3
Flak Cannons1
Flying Machine Bombs1
Barrage1
Plating2
Backpack1
Magic Sentry1
24 total
» buildings
Farm18
Altar of Kings2
Scout Tower33
Arcane Tower15
Barracks3
Blacksmith3
Arcane Vault2
Lumber Mill2
Guard Tower30
Keep9
Workshop4
Town Hall4
Cannon Tower18
Castle9
Gryphon Aviary3
Arcane Sanctum1
156 total
» build order
00:26 Farm
00:35 Altar of Kings
00:44 Scout Tower
01:43 Arcane Tower
01:43 Arcane Tower
01:43 Arcane Tower
01:44 Arcane Tower
01:44 Arcane Tower
01:44 Arcane Tower
02:00 Farm
02:03 Farm
02:08 Barracks
02:30 Farm
02:41 Blacksmith
03:59 Arcane Vault
04:12 Barracks
04:20 Farm
05:30 Lumber Mill
06:00 Scout Tower
06:01 Scout Tower
06:03 Scout Tower
07:38 Guard Tower
08:38 Keep
08:38 Keep
08:38 Keep
08:39 Farm
08:40 Farm
11:17 Workshop
11:18 Workshop
17:54 Scout Tower
18:00 Scout Tower
18:01 Scout Tower
18:47 Arcane Tower
18:49 Town Hall
18:54 Town Hall
19:21 Scout Tower
19:21 Scout Tower
20:14 Guard Tower
20:14 Guard Tower
20:14 Guard Tower
20:15 Guard Tower
20:26 Scout Tower
20:27 Scout Tower
20:28 Scout Tower
21:11 Town Hall
21:13 Guard Tower
21:13 Guard Tower
21:13 Guard Tower
21:13 Guard Tower
21:14 Guard Tower
21:14 Guard Tower
21:36 Cannon Tower
21:36 Cannon Tower
21:37 Cannon Tower
21:37 Cannon Tower
21:37 Cannon Tower
21:49 Cannon Tower
21:49 Cannon Tower
21:50 Cannon Tower
21:50 Cannon Tower
23:36 Guard Tower
26:09 Guard Tower
26:09 Guard Tower
26:09 Guard Tower
26:10 Guard Tower
29:58 Castle
29:58 Castle
31:48 Scout Tower
31:49 Scout Tower
31:50 Scout Tower
31:51 Scout Tower
31:51 Scout Tower
37:52 Keep
37:52 Keep
37:55 Scout Tower
37:55 Scout Tower
38:34 Farm
38:39 Arcane Tower
38:39 Arcane Tower
38:42 Arcane Tower
38:44 Scout Tower
38:44 Scout Tower
43:30 Altar of Kings
43:31 Barracks
44:52 Castle
44:52 Castle
44:53 Castle
45:11 Lumber Mill
48:19 Gryphon Aviary
48:20 Gryphon Aviary
48:20 Gryphon Aviary
49:11 Blacksmith
52:33 Guard Tower
52:33 Guard Tower
52:34 Guard Tower
53:21 Workshop
53:22 Workshop
53:23 Blacksmith
53:29 Arcane Vault
54:50 Farm
54:52 Farm
54:54 Farm
54:55 Farm
54:56 Farm
54:56 Farm
57:10 Farm
57:11 Farm
57:11 Farm
59:33 Farm
64:55 Scout Tower
64:56 Scout Tower
64:56 Scout Tower
64:56 Scout Tower
64:57 Scout Tower
64:57 Scout Tower
64:57 Scout Tower
64:57 Scout Tower
64:58 Scout Tower
68:23 Guard Tower
68:25 Keep
72:10 Arcane Sanctum
72:12 Castle
76:00 Town Hall
» items
Scroll of Regeneration42
Lesser Clarity Potion25
Potion of Healing36
Ivory Tower6
Scroll of Town Portal21
Orb of Lightning5
Potion of Mana11
Healing Salve4
Orb of Fire1
Health Stone1
Robe of the Magi +61
153 total
Random» OrcJustGotWc3 (teal | 85 APM | 6676 actions | 78:23)
Hero icon 8 Far Seer
Ability icon 3 Feral Spirit
Ability icon 3 Chain Lighting
Ability icon 1 Earth Quake
Ability icon 1 Far Sight
Hero icon 9 Tauren Chieftain
Ability icon 3 War Stomp
Ability icon 3 Endurance Aura
Ability icon 2 Reincarnation
Ability icon 1 Shockwave

» actions
Assign group hotkey77
Basic commands167
Build / train215
Enter build submenu32
Enter hero's abilities submenu16
Give item / drop item3
Remove unit from queue6
Right click3798
Select / deselect1131
Select group hotkey864
Use ability366
6676 total
» units
Peon27
Grunt9
Raider25
Troll Witch Doctor25
Tauren8
Shaman17
111 total
» upgrades
Melee Weapons3
Armor3
Pillage1
Ensnare1
Witch Doctor Training2
Pulverize1
Shaman Training2
13 total
» buildings
Altar of Storms1
Orc Burrow10
Barracks1
Voodoo Lounge1
Stronghold1
War Mill3
Beastiary2
Spirit Lodge1
Fortress2
Watch Tower3
Tauren Totem3
Great Hall3
31 total
» build order
00:12 Altar of Storms
00:14 Orc Burrow
00:59 Barracks
01:19 Orc Burrow
02:14 Voodoo Lounge
02:57 Orc Burrow
04:48 Stronghold
04:52 War Mill
05:54 Orc Burrow
07:10 Beastiary
07:13 Beastiary
07:18 Spirit Lodge
08:18 Orc Burrow
09:14 Fortress
09:14 Fortress
09:59 Orc Burrow
12:34 Watch Tower
21:12 Tauren Totem
23:28 Orc Burrow
23:30 Orc Burrow
28:35 War Mill
30:14 Tauren Totem
31:35 Tauren Totem
39:57 Great Hall
49:27 Orc Burrow
52:14 Great Hall
57:34 Watch Tower
57:36 Watch Tower
68:08 War Mill
68:15 Great Hall
68:18 Orc Burrow
» items
Healing Salve5
Lesser Clarity Potion2
Healing Wards1
Potion of Healing1
Scroll of Town Portal6
Orb of Lightning1
16 total
OrcBlade.By.Warden (red | 98 APM | 7689 actions | 78:23)
Hero icon 10 Shadow Hunter
Ability icon 3 Hex
Ability icon 3 Healing Wave
Ability icon 1 Big Bad Voodoo
Ability icon 3 Serpent Ward
Hero icon 8 Far Seer
Ability icon 3 Chain Lighting
Ability icon 3 Feral Spirit
Ability icon 1 Earth Quake
Ability icon 1 Far Sight
Hero icon 8 Tauren Chieftain
Ability icon 3 Endurance Aura
Ability icon 3 Shockwave
Ability icon 1 Reincarnation
Ability icon 1 War Stomp

» actions
Assign group hotkey195
Basic commands1043
Build / train210
Enter build submenu25
Enter hero's abilities submenu29
Give item / drop item4
Right click2638
Select / deselect1226
Select group hotkey1986
Use ability333
7689 total
» units
Peon33
Grunt3
Wind Rider86
Kodo Beast2
Troll Batrider20
Goblin Zeppelin1
145 total
» upgrades
Ranged Weapons3
Berserker Strength1
Envenomed Spears1
Armor3
War Drums Damage Increase1
Liquid Fire1
Reinforced Defenses1
11 total
» buildings
Altar of Storms2
Orc Burrow12
War Mill1
Barracks1
Stronghold1
Fortress1
Beastiary3
Voodoo Lounge2
Great Hall1
24 total
» build order
00:04 Altar of Storms
00:06 Orc Burrow
00:59 War Mill
01:28 Orc Burrow
02:17 Barracks
03:03 Orc Burrow
03:13 Stronghold
04:43 Orc Burrow
05:32 Orc Burrow
05:45 Fortress
06:40 Beastiary
06:45 Beastiary
06:48 Beastiary
11:40 Orc Burrow
14:11 Voodoo Lounge
38:03 Altar of Storms
39:44 Great Hall
40:12 Orc Burrow
40:30 Orc Burrow
41:26 Voodoo Lounge
41:30 Orc Burrow
46:59 Orc Burrow
47:02 Orc Burrow
47:05 Orc Burrow
» items
Lesser Clarity Potion3
Scroll of Speed2
Scroll of Regeneration1
Potion of Healing1
Potion of Mana2
Healing Salve1
Scourge Bone Chimes1
11 total

Chat log

(00:04 / All) SnOOp: OH MY
(00:09 / All) meles: yeah
(00:10 / All) meles: lols
(00:11 / Allies) SnOOp: dr naga archers dotts
(00:13 / All) meles: if u bs ur team
(00:17 / All) meles: ur gonna become my hero
(00:18 / All) meles: lol
(00:22 / All) meles: and i will love u 4ever
(00:33 / All) SnOOp: lol
(00:38 / Allies) TowerLove: cat hunt to driada
(00:44 / All) SnOOp: lets have fun !
(00:48 / Allies) Srbin33: k
(01:29 / All) meles: its ok
(01:33 / All) meles: just play my friend

(02:59 / Allies) SnOOp: green better come back pewpew our base soon
(03:48 / All) SUPREME_LOTUS: LOL
(03:53 / All) meles: lols
(03:55 / All) meles: almost

(05:07 / Allies) Srbin33: pink
(05:10 / Allies) SnOOp: let me get my hero green we need to lvl up

(07:00 / Allies) TowerLove: CREPS
(07:02 / Allies) SnOOp: go
(07:29 / Allies) TowerLove: need heal
(07:36 / Allies) SnOOp: next
(07:46 / Allies) 418: SHARE CONTROL

(09:49 / All) 418: LOL
(09:52 / All) meles: ...
(09:53 / All) meles: ..........
(10:22 / Allies) SnOOp: omw
(10:37 / Allies) TowerLove: ahaha
(10:43 / Allies) SnOOp: wow
(11:14 / Allies) Srbin33: look
(11:20 / All) meles: team is noob
(11:21 / All) meles: ...
(11:25 / All) JustGotWc3: rofl
(11:30 / All) 418: WHICH TEAM?
(11:34 / All) meles: specially the supreme lotus kid
(11:36 / All) meles: mine
(11:40 / All) SUPREME_LOTUS: hahahaa
(11:44 / All) 418: AT LEAST THEY ARENT RUNNING AROUND WITH A RED HERO & RED UNITS
(11:45 / All) SUPREME_LOTUS: hes mad
(11:51 / All) JustGotWc3: especially that meles kid
(12:04 / Allies) TowerLove: behind
(12:07 / Allies) SnOOp: fight

(13:23 / Allies) SnOOp: outing
(13:29 / Allies) TowerLove: b
(13:29 / Allies) TowerLove: back
(13:40 / Allies) Srbin33: k
(13:55 / Allies) SnOOp: lets do it green
(14:05 / Allies) TowerLove: 2 expos pls
(14:11 / Allies) SnOOp: get rdy for counter
(14:27 / Allies) TowerLove: eat
(14:30 / All) Blade.By.Warden: how purplearelvl 35 ????????
(15:01 / Allies) TowerLove: eat that please
(15:05 / Allies) SnOOp: kk
(15:13 / All) 418: AT LEAST YOU GOT THE ITEM RIGHT?
(15:19 / All) meles: yeah lol
(15:20 / All) 418: "WORTH IT"
(15:26 / All) meles: kinda
(15:30 / All) 418: IM ALREADY LV5
(15:33 / All) meles: fucking downloading some upgrades onthe klaptop
(15:34 / Allies) SnOOp: wow we scouted?
(15:38 / All) 418: PLUS ALL THE REVEALS YOU WASTED
(16:14 / Allies) SnOOp: hmm carful
(16:19 / Allies) TowerLove: b
(16:21 / Allies) TowerLove: 2 vs 1
(16:54 / Allies) TowerLove: eat

(18:45 / Allies) TowerLove: silence men

(19:58 / Allies) TowerLove: need go
(20:00 / Allies) SnOOp: haha i cyclon spamm so they dont tp :P
(20:18 / All) JustGotWc3: well gg contgrats u beat a 4v2
(20:27 / All) 418: GAME ISNT OVER CHIEF
(20:31 / All) SUPREME_LOTUS: * 3 v 2
(20:57 / All) JustGotWc3: stfu lotus ur shit even if pink has nothing he can still use a bm u cant even do that rofl
(21:19 / Allies) TowerLove: imba bm
(21:25 / Allies) SnOOp: lol
(21:35 / All) SUPREME_LOTUS: well theres a really cool thing called dust and faerie fire
(21:51 / All) 418: OR YOU CAN WASTE 50 GOLD PER REVEAL LIKE ORANGE
(22:38 / Allies) SnOOp: disple green
(22:52 / All) TowerLove: look my starfall
(23:09 / Allies) TowerLove: b
(23:30 / Allies) SnOOp: wtf
(23:31 / Allies) SnOOp: wtf
(23:32 / Allies) SnOOp: wtf
(23:39 / Allies) TowerLove: tp men wtf
(23:40 / Allies) SnOOp: AND UFK
(23:43 / Allies) SnOOp: fuk
(23:52 / Allies) SnOOp: my hero ankhed and i forget ,.,
(23:57 / Allies) SnOOp: we lost
(24:15 / Allies) SnOOp: they coming i have 1 hero ..
(24:43 / Allies) SnOOp: green
(24:43 / Allies) SnOOp: b
(24:43 / Allies) SnOOp: b
(24:44 / Allies) SnOOp: b
(24:44 / Allies) SnOOp: b
(24:44 / Allies) SnOOp: b
(25:38 / All) meles: nothing new
(25:42 / All) 418: I CAN DO THAT ALL DAY
(25:47 / All) meles: thats the thin i fear the must
(26:12 / Allies) TowerLove: we need attack

(27:52 / All) JustGotWc3: oj doesnt even have a castke and he has 2 expos

(28:59 / Allies) TowerLove: get tower
(29:31 / All) 418: WHY EVEN GET RIFLES
(29:35 / All) 418: YOU HAVE 3 GOLDMINES
(29:41 / All) 418: WORST UNIT IN THE GAME
(29:42 / All) meles: i like then
(29:45 / All) 418: THEYRE HORRIBLE
(29:58 / All) 418: YOU COULD BE MAKING 100 FOOD GRYPHON HAWK TANK GYRO CASTER KNIGHT ETC
(30:55 / Allies) TowerLove: chims coming
(31:32 / Allies) Srbin33: gold pink pls
(31:56 / Allies) TowerLove: HAHAHA
(31:58 / All) 418: GOOD IDEA
(31:58 / All) meles: no way
(32:03 / All) 418: LOL WHY BOTHER WITH POTIONS
(32:21 / All) 418: STOP TOWERING YOU COWARD
(32:43 / All) Blade.By.Warden: purple dont make units and have 6.000 of gold
(32:47 / All) 418: I HAVE 8K GOLD
(33:00 / All) Blade.By.Warden: ridiculous
(33:24 / Allies) Srbin33: gold pink
(33:27 / Allies) 418: GOT NONE

(35:13 / Allies) TowerLove: wow pink
(35:15 / Allies) TowerLove: 12 k
(35:19 / Allies) 418: 11K
(35:22 / Allies) 418: LEARN TO COUNT
(35:40 / All) 418: I MEAN REALLY
(35:41 / All) 418: RILFES?
(35:43 / All) 418: RIFLES*
(35:54 / All) meles: yes
(35:57 / All) meles: i loive then
(35:59 / All) 418: RIFLES ARE THE WORST UNIT IN THE GAME
(36:11 / All) SUPREME_LOTUS: RIFLES v CHIM DEST GOGO
(36:13 / All) meles: love then
(36:22 / All) Blade.By.Warden: honestly. i hate purple for the rest of my life
(36:29 / All) 418: OH WAH WAH ITS RT YOU CRYBABY
(36:36 / All) SUPREME_LOTUS: thanks
(36:39 / All) meles: lols
(36:43 / All) SUPREME_LOTUS: i really appreciate that friend
(37:11 / Allies) TowerLove: cmon pink
(37:40 / Allies) Srbin33: gold pls
(37:42 / Allies) Srbin33: wyrms
(37:45 / Allies) TowerLove: don vahe
(38:06 / Allies) TowerLove: make expo yellow

(39:29 / All) 418: LOL

(41:00 / Allies) Srbin33: pink

(43:50 / All) meles: oih come on
(43:53 / All) 418: CANT WANDER OUT LIKE THAT

(46:49 / All) Blade.By.Warden: Brazil
(46:51 / All) meles: haha
(47:10 / Allies) Srbin33: pink goldpls
(47:13 / Allies) Srbin33: we lost
(47:15 / Allies) 418: AINT GOT NONE
(47:51 / All) Blade.By.Warden: use tavren now retard pink
(47:54 / All) 418: TAVERN?
(48:05 / All) 418: HAD AN ANKH CHIEF
(48:09 / All) Blade.By.Warden: brazil !
(48:41 / All) Blade.By.Warden: purplesavegame to learn
(48:56 / All) SUPREME_LOTUS: duh u right i dunno how to play wc
(49:09 / All) Blade.By.Warden: dont apear

(50:44 / Allies) 418: ARCHMAGE RETARD
(51:06 / All) 418: GOTCHYA AGAIN
(51:19 / Allies) TowerLove: u funny guy
(51:50 / Allies) TowerLove: make mass bat please men

(59:42 / All) Blade.By.Warden: purpleyou need play counter strike with pink !
(59:43 / All) Blade.By.Warden: gogogogo
(59:52 / All) 418: WTF DOES THAT MEAN
(60:08 / All) JustGotWc3: tehy think their good red just let them play there nub game
(60:15 / All) Blade.By.Warden: go play CS
(60:20 / All) 418: WHAT THE FUCK?
(60:26 / All) 418: DOES COUNTERSTRIKE HAVE ANYTHING TO DO WITH ANYTHING
(60:28 / All) meles: hean
(60:29 / All) meles: yeah lol
(60:30 / All) meles: gg
(60:37 / All) meles: i hate the fucking bm
(60:48 / All) Blade.By.Warden: noob you and purple, you and purple need put BM inside your ass
(60:53 / All) 418: WAH WAH NERD
(61:03 / All) meles: ur the 1 staying
(61:04 / All) meles: rofl
(61:05 / All) Blade.By.Warden: youare a fuking retard tatic with purple
(61:26 / All) meles: yeah
(61:28 / All) meles: he is bsing me

(64:00 / All) meles: owned
(64:00 / All) Blade.By.Warden: purpleyou mother are my preferid bitch
(64:01 / All) meles: noob
(64:03 / All) 418: YEAH OWNED
(64:08 / All) 418: AFTER YOU FINALLY WISED UP AND GOT GYROES
(64:09 / All) 418: 100 FOOD GRYPHONS
(64:14 / All) 418: AND HAVE BEEN FED 10-10
(64:28 / All) meles: nerd
(64:30 / All) meles: stay more plz
(64:36 / All) 418: TALK SHIT MORE LOL
(64:42 / All) 418: HOW MANY TIMES HAVE I KILLED YOUR HERO
(64:42 / All) JustGotWc3: stfu nub
(64:45 / All) meles: i didnt talk shit all game long
(64:50 / All) meles: but ur a fucking trash
(64:51 / All) 418: YOU WHINED ALL AGME
(64:57 / All) 418: WAAAAAAAAAH IM BEING RAPED BY ONE HERO HOW UNFAIR
(65:05 / All) Blade.By.Warden: the of purplestay in my street usingthepenis of all man´s
(65:12 / All) Blade.By.Warden: mom
(65:14 / All) Blade.By.Warden: MOM
(65:16 / All) Blade.By.Warden: MOM
(65:40 / Allies) TowerLove: ty
(65:58 / All) Blade.By.Warden: and use penis of all man´s in my city
(66:10 / All) Blade.By.Warden: u mother have a big fuckedpussy

(67:41 / Allies) TowerLove: chit
(67:46 / Allies) TowerLove: no tree for meç
(68:43 / Allies) TowerLove: HAH
(68:50 / All) meles: REOFL
(68:51 / All) meles: noob
(68:51 / Allies) TowerLove: ROFLROFLROFL
(68:52 / All) 418: LOL
(68:57 / All) 418: GOD LEVEL 3 HEX IS PRETTY GAY
(68:59 / All) Blade.By.Warden: son of a bich go to hell your son of a bi5tchhhh
(69:05 / All) 418: I LIKE HOW ORANGE THINKS IM A NOOB AFTER HE LOST HIS HERO LIKE 20 TIMES TO ME
(69:13 / All) Blade.By.Warden: my penis is hard
(69:14 / All) JustGotWc3: so stfu
(69:15 / All) 418: "THE TABLES HAVE TURNED IVE BEEN FED 3 HIGH LEVEL HUMAN HEROES"
(69:25 / All) meles: OPHHNH
(69:28 / All) meles: hahaha
(69:34 / All) 418: WAY TO GO ORANGE, IT ONLY TOOK YOU ABOUT AN HOUR INTO THE GAME TO FINALLY STOP SUCKING
(69:44 / Allies) TowerLove: and bm?
(69:46 / Allies) TowerLove: dead?
(69:49 / Allies) TowerLove: bm is dead?
(69:56 / Allies) TowerLove: ooh i se
(70:29 / Allies) TowerLove: make expo up

(71:33 / All) 418: AND YOU'RE TOO DUMB TO HAVE GOTTEN MAGIC SENTRY ALL GAME LONG
(71:37 / All) 418: I HAD TO TELL YOU TO GET GYROES AND GRYPHONS
(71:42 / All) 418: OTHERWISE YOUR DUMB ASS WOULD STILL BE MAKING RIFLES
(72:00 / Allies) TowerLove: hack
(72:22 / Allies) TowerLove: kill base men

(73:26 / Allies) TowerLove: they see
(73:52 / Allies) TowerLove: rofl invu for what
(74:00 / Allies) 418: SCARED OF HIS MK
(74:05 / Allies) TowerLove: ahaha
(74:19 / Allies) TowerLove: transport pasant up
(74:25 / Allies) TowerLove: nice terrotori
(74:38 / Allies) TowerLove: they see
(74:42 / Allies) TowerLove: hurry up

(76:00 / Allies) TowerLove: careful
(76:15 / Allies) TowerLove: wow
(76:30 / All) Blade.By.Warden: nerd noob
(76:34 / All) 418: OH YOU FINALLY GOT MAGIC SENTRY
(76:36 / All) 418: MORON
(76:41 / Allies) TowerLove: they see
(76:42 / All) 418: NEED ME TO TELL YOU HOW TO PLAY HUMAN I GUESS
(76:48 / Allies) TowerLove: leave
(76:56 / All) meles: haha
(76:58 / All) meles: ur a super nerd
(76:59 / All) meles: rofl
(77:47 / Allies) TowerLove: gg
(77:59 / Allies) TowerLove: kiill
(78:03 / Allies) TowerLove: AJIKLIL
(78:21 / All) 418: FUCK THE JEWS